 Dungeon Crawl Stone Soup version 0.19.0-11-g3fc08b3 (console) character file.

1063 lynn the Shield-Bearer (level 8, -1/65 HPs)
             Began as a Formicid Fighter on Nov 9, 2016.
             Was an Initiate of Okawaru.
             Slain by Duvessa
             ... wielding a +0 short sword
              (7 damage)
             ... on level 5 of the Dungeon.
             The game lasted 00:03:25 (4695 turns).

lynn the Shield-Bearer (Formicid Fighter)           Turns: 4695, Time: 00:03:26

Health: -1/65      AC:  6    Str: 21    XL:     8   Next: 52%
Magic:  8/8        EV:  9    Int:  8    God:    Okawaru [......]
Gold:   216        SH: 11    Dex: 12    Spells: 0 memorised, 7 levels left

rFire  . . .     SeeInvis +     a - +0 war axe
rCold  . . .     Gourm    .     b - +0 scale mail
rNeg   . . .     Faith    .     c - +0 shield
rPois  .         Spirit   .     (helmet unavailable)
rElec  .         Reflect  .     (no cloak)
rCorr  .         Harm     .     (no gloves)
MR     .....                    (no boots)
Stlth  ..........               (no amulet)
                                (no ring)
                                (no ring)

@: no status effects
A: permanent stasis, dig shafts and tunnels, four strong arms, antennae 3, claws
1
a: Dig, Shaft Self, Renounce Religion


You were on level 5 of the Dungeon.
You worshipped Okawaru.
Okawaru was noncommittal.
You were very hungry.

You visited 2 branches of the dungeon, and saw 6 of its levels.

You collected 300 gold pieces.
You spent 84 gold pieces at shops.

Inventory:

Hand Weapons
 a - a +0 war axe (weapon)
Armour
 b - a +0 scale mail (worn)
 c - a +0 shield (worn)
Jewellery
 e - an uncursed ring of positive energy {unknown}
Wands
 r - a wand of confusion (48/48)
Scrolls
 h - 3 scrolls of enchant weapon {unknown}
 j - 2 scrolls of identify
 l - 4 scrolls of noise
 p - a scroll of immolation {unknown}
 w - a scroll of blinking {unknown}
 y - 2 scrolls of fog {unknown}
Potions
 g - a potion of magic
 i - 3 potions of curing
 k - a potion of heal wounds
 s - a potion of lignification
 t - a potion of brilliance
 u - a potion of ambrosia
 x - a potion of flight
Books
 d - a book of Minor Magic

   Spells                             Type                      Level
   a - Magic Dart                     Conjuration                  1
   b - Blink                          Translocation                2
   c - Call Imp                       Summoning                    2
   d - Repel Missiles                 Charms/Air                   2
   e - Slow                           Hexes                        2
   f - Conjure Flame                  Conjuration/Fire             3
   g - Mephitic Cloud                 Conjuration/Poison/Air       3
Comestibles
 f - 5 bread rations
 n - a royal jelly
 o - 2 slices of pizza
 q - 5 meat rations


   Skills:
 + Level 6.6 Fighting
 + Level 5.9 Axes
 - Level 3.2 Armour
 + Level 7.3 Shields


You had 7 spell levels left.
You didn't know any spells.

Dungeon Overview and Level Annotations

Branches:
Dungeon (5/15)             Temple (1/1) D:5

Altars:
Cheibriados
Dithmenos
Elyvilon
Fedhas
Gozag
Hepliaklqana
Kikubaaqudgha
Okawaru
Qazlal
Ru
Sif Muna
Trog
Uskayaw
Xom
Yredelemnul
Zin
The Shining One

Shops:
D:4 *

Annotations:
D:3 1 exclusion
D:5 Duvessa


Innate Abilities, Weirdness & Mutations

You are under a permanent stasis effect.
You can dig through walls and to a lower floor.
Your four strong arms can wield two-handed weapons with a shield.
You have a pair of large antennae on your head. (SInv)
You have sharp fingernails.


Message History

Duvessa is heavily wounded.
You feel sick. Duvessa hits you with a short sword!
* * * LOW HITPOINT WARNING * * *
You block Duvessa's attack.
You slash Duvessa!
Duvessa is severely wounded.
You block Duvessa's attack. Duvessa barely misses you.
You feel better. You block Duvessa's attack.
You hit Duvessa but do no damage.
Duvessa is severely wounded.
Duvessa hits you but does no damage. You block Duvessa's attack.
You closely miss Duvessa.
Duvessa is severely wounded.
Duvessa hits you with a short sword!
* * * LOW HITPOINT WARNING * * *
Duvessa hits you but does no damage.
You hit Duvessa.
Duvessa is severely wounded.
Duvessa hits you with a short sword!
You die...

#....#.#######.....
#..................
##.#.#.#######.....
#.#.#.# #.....
#.#.#.# #.....
#.#.#.# #.....
##.#'#'### #.....
#......(.. #.....
#.@....... #.....
#)e....... #.....
#......... ######
#......... #
.......... #
##......... #
#......... #
.......... # #


You could see Duvessa (berserk).

Vanquished Creatures
  Sigmund (D:2)
  Menkaure (D:4)
  Edmund (D:4)
  A phantom (D:5)
  An ogre (D:4)
  Blork the orc (D:4)
  Dowan (D:5)
  A crimson imp (D:5)
  An orc priest (D:5)
  2 hounds (D:4)
  Jessica (D:2)
  An iguana (D:5)
  Natasha (twice) (D:2)
  An orc wizard (D:5)
  2 worker ants
  4 adders
  2 oozes
  3 worms
  4 dart slugs
  A leopard gecko (D:4)
  11 orcs
  5 giant cockroaches
  9 goblins
  A hobgoblin (D:1)
  4 jackals (D:1)
  10 kobolds
  8 bats
  3 frilled lizards
  2 leopard gecko skeletons (D:4)
  A quokka skeleton (D:4)
  A quokka zombie (D:2)
  4 rats
91 creatures vanquished.

Notes
Turn   | Place    | Note
-------+----------+-------------------------------------------
     0 | D:1      | lynn the Formicid Fighter began the quest for the Orb.
     0 | D:1      | Reached XP level 1. HP: 18/18 MP: 1/1
    95 | D:1      | Reached XP level 2. HP: 24/24 MP: 2/2
   146 | D:1      | Reached skill level 4 in Shields
   162 | D:1      | Reached XP level 3. HP: 26/29 MP: 3/3
   648 | D:2      | Reached XP level 4. HP: 37/37 MP: 4/4
   900 | D:2      | Noticed Sigmund
   909 | D:2      | Killed Sigmund
   909 | D:2      | Reached skill level 5 in Shields
   909 | D:2      | Reached XP level 5. HP: 32/43 MP: 5/5
   909 | D:2      | Reached XP level 6. HP: 36/49 MP: 6/6
  1045 | D:2      | Found a snail-covered altar of Cheibriados.
  1091 | D:2      | Noticed Jessica
  1110 | D:2      | Killed Jessica
  1253 | D:2      | Noticed Natasha
  1261 | D:2      | Killed Natasha
  1574 | D:2      | Reached skill level 5 in Fighting
  1881 | D:2      | Noticed Natasha
  1887 | D:2      | Killed Natasha
  2701 | D:4      | Reached XP level 7. HP: 32/56 MP: 7/7
  2932 | D:4      | Noticed Blork the orc
  2939 | D:4      | Killed Blork the orc
  2986 | D:4      | Noticed Edmund
  2989 | D:4      | Noticed Menkaure
  3000 | D:4      | Killed Edmund
  3000 | D:4      | Reached skill level 6 in Shields
  3003 | D:4      | Killed Menkaure
  3003 | D:4      | Reached skill level 5 in Axes
  3444 | D:4      | Reached XP level 8. HP: 64/64 MP: 8/8
  3534 | D:4      | Found Bewa Rel's General Store.
  3537 | D:4      | Bought 3 scrolls of identify for 84 gold pieces
  3545 | D:4      | Gained mutation: You have sharp fingernails. [potion of beneficial mutation]
  3889 | D:5      | Entered Level 5 of the Dungeon
  3916 | D:5      | Found a staircase to the Ecumenical Temple.
  3955 | Temple   | Entered the Ecumenical Temple
  4047 | Temple   | Became a worshipper of Warmaster Okawaru
  4089 | D:5      | Reached skill level 7 in Shields
  4277 | D:5      | Found a shimmering altar of Xom.
  4675 | D:5      | Noticed Dowan
  4677 | D:5      | Noticed Duvessa
  4687 | D:5      | Killed Dowan
  4695 | D:5      | Slain by Duvessa

Skill      XL: |  1  2  3  4  5  6  7  8 |
---------------+-------------------------+-----
Shields        | 4 5 6 7 |  7.3
Fighting       | 4 5 6 |  6.6
Axes           | 3 4 5 |  5.9
Armour         | |  3.2

Action                   |  1- 3 |  4- 6 |  7- 9 || total
-------------------------+-------+-------+-------++-------
Melee: War axe           |    93 |   109 |   124 ||   326
  Use: Potion            |       |     1 |     4 ||     5
       Scroll            |       |     1 |    10 ||    11
  Eat: Chunk             |       |     3 |     7 ||    10
       Beef jerky        |       |     1 |       ||     1
Armor: Scale mail        |    46 |    32 |    33 ||   111
Dodge: Dodged            |    38 |    37 |    43 ||   118
Block: Shield            |    64 |    67 |    75 ||   206

Vault maps used:
D:1:      moated_graveyard_arrival, kennysheep_another_room
D:2:      overflow_temple_1_default, uniq_natasha, uniq_sigmund, uniq_jessica
D:3:      minmay_goblin_kobold_castle, first_bread
D:4:      serial_shops, kennysheep_mini, kennysheep_small_spiral, uniq_edmund,
          uniq_blork_the_orc, uniq_menkaure
D:5:      cheibrodos_ashenzari_chains, basic_altar, kennysheep_boxes,
          uniq_duvessa
Temple:   lightli_temple_of_artemis
